 Dungeon Crawl Stone Soup version 0.31.0-1-g2c135a0 (webtiles) character file.

Game seed: 18362570571814199889

698 Think the Ducker (level 7, -1/69 HPs)
             Began as an Octopode Fighter on Jan 23, 2024.
             Slain by an orc priest
             ... wielding a +0 club
              (3 damage)
             ... on level 5 of the Dungeon.
             The game lasted 00:07:53 (4749 turns).

Think the Ducker (Octopode Fighter)                 Turns: 4749, Time: 00:07:55

Health: -1/69      AC: 19    Str: 17    XL:     7   Next: 65%
Magic:  7/7        EV:  2    Int: 10    God:
Gold:   217        SH:  0    Dex: 14    Spells: 6/6 levels left

rFire   + . .        u - +0 scimitar
rCold   + . .        b - +0 buckler
rNeg    . . .        (helmet currently unavailable)
rPois   +            (no amulet)
rElec   .            l - ring of Buer {rPois rF+ Str+2 SInv Stlth-}
rCorr   .            m - ring of protection from cold
SInv    +            (no ring)
Will    .....        (no ring) Stlth
                     (no ring)
HPRegen 0.31/turn    (no ring)
MPRegen 0.10/turn    (no ring)
                     (no ring)

%: no passive effects
@: confused, tree-form (expiring), ambrosia-drunk, corroded, hasted, very quick
A: stationary, stasis, torment immunity, boosted hp, almost no armour,
(amphibious), 8 rings, (camouflage 1), (gelatinous body 1), (nimble swimmer 1),
(tentacles)
a: no special abilities


You were on level 5 of the Dungeon.
You were a tree.
You visited 2 branches of the dungeon, and saw 6 of its levels.

You collected 217 gold pieces.

Inventory:

Hand Weapons
 s - a +2 dagger of speed
 u - a +0 scimitar (weapon)
Armour
 b - a +0 buckler (worn)
Jewellery
 d - an amulet of faith
 l - the ring of Buer (left branch) {rPois rF+ Str+2 SInv Stlth-}
   (You found it on level 2 of the Dungeon)

   [ring of see invisible]

   Str+2:     It affects your strength (+2).
   rF+:       It protects you from fire.
   rPois:     It protects you from poison SInv: It lets you see invisible.
   Stlth-:    It makes you less stealthy.
 m - a ring of protection from cold (right branch)
Wands
 h - a wand of polymorph (18)
Scrolls
 c - a scroll of enchant weapon {unknown}
 e - 6 scrolls of identify
 f - 2 scrolls of noise
 i - a scroll of enchant armour {unknown}
 o - a scroll of revelation {unknown}
 q - 2 scrolls of teleportation {unknown}
 t - a scroll of poison {unknown}
 v - a scroll of acquirement {unknown}
 x - a scroll of silence {unknown}
Potions
 k - a potion of mutation {unknown}
 n - a potion of curing
 p - a potion of brilliance
 r - a potion of magic
 w - a potion of lignification


   Skills:
 - Level 3.0 Fighting
 - Level 2.0 Long Blades
 + Level 7.9 Dodging
 - Level 5.0 Stealth
 - Level 3.0 Shields


You had 6 spell levels left.
You didn't know any spells.
Your spell library contained the following spells:

 Spells                   Type           Power      Damage    Failure   Level
 Apportation              Tloc           0%         N/A       43%         1
 Magic Dart               Conj           0%         1d3       43%         1
 Sandblast                Erth           0%         2d4       43%         1
 Slow                     Hex            0%         N/A       43%         1
 Sting                    Conj/Alch      0%         1d3       43%         1
 Blink                    Tloc           0%         N/A       58%         2
 Call Imp                 Summ           0%         N/A       58%         2
 Mercury Vapours          Alch/Air       0%         N/A       58%         2
 Confusing Touch          Hex            0%         N/A       82%         3
 Sigil of Binding         Hex            0%         N/A       82%         3
 Vampiric Draining        Necr           0%         2d6       82%         3
 Olgreb's Toxic Radiance  Alch           0%         N/A       99%         4
 Dispersal                Tloc           0%         N/A       100%        6


Dungeon Overview and Level Annotations

Branches:
Dungeon (5/15)             Temple (1/1) D:4

Altars:
Ashenzari
Cheibriados
Dithmenos
Hepliaklqana
Kikubaaqudgha
Nemelex Xobeh
Okawaru
Ru
Sif Muna
Vehumet
Wu Jian
Yredelemnul
Zin
The Shining One

Shops:
D:1 *

Annotations:
D:4 1 runed translucent door, Crazy Yiuf


Innate Abilities, Weirdness & Mutations

You are a tree.
Your roots penetrate the ground, keeping you stationary.
You cannot be teleported.
You are immune to unholy pain and torment.
Your maximum health is greatly increased.
You cannot wear most types of armour.
((You are amphibious.))
You can wear up to eight rings at the same time.
((Your skin changes colour to match your surroundings (Stealth+).))
((Your rubbery body absorbs attacks. (AC +1, EV +1)))
((You are camouflaged when in or above water. (Stealth+)))
((You have tentacles for arms and can constrict up to eight enemies at once.))


Message History

The orc warrior hits you but does no damage.
You closely miss the orc warrior.
The orc warrior is almost dead.
The jelly hits you but does no damage.
The orc priest hits you but does no damage.
The orc warrior hits you with a +0 spear.
* * * LOW HITPOINT WARNING * * *
You closely miss the orc warrior.
The orc warrior is almost dead.
The jelly hits you but does no damage.
You barely miss the orc warrior.
The orc warrior is almost dead.
The orc priest hits you with a +0 club.
* * * LOW HITPOINT WARNING * * *
The orc warrior hits you with a +0 spear!
* * * LOW HITPOINT WARNING * * *
You closely miss the orc warrior.
The orc warrior is almost dead.
The jelly hits you but does no damage.
The orc priest hits you but does no damage.
The orc warrior hits you but does no damage.
You are confused.
You feel invigorated.
You are no longer corroded.
The jelly hits you but does no damage.
The orc priest hits you but does no damage.
The orc warrior hits you but does no damage.
You cannot move. (Use ctrl+direction or * direction to attack while stationary and confused.)
You swing at nothing.
Your transformation is almost over.
The jelly barely misses you. The orc priest barely misses you.
The orc warrior hits you but does no damage.
You barely miss the orc priest.
The orc priest is lightly wounded.
The jelly hits you.
* * * LOW HITPOINT WARNING * * *
The acid corrodes you!
You are splashed with acid!
* * * LOW HITPOINT WARNING * * *
The orc priest hits you with a +0 club.
You die...

####..##
##.......###≈≈. ##.#
##.....###≈≈... #.#
##...###≈≈.... ###.####
##'###≈≈..... #......#
#.##≈≈......
#.#.##.#####.##≈.......
#.#.......##..'........
#.####.##.#...'.....♣..
#.####.##....o♣o.......
#......####...#J)......
######## ##.##≈≈......
#.###≈≈..... #.#
#≈≈.... #.# #≈≈... #.#
#≈≈.. #.# #≈≈. #####
#.#


You could see an orc warrior, a jelly and an orc priest.

Vanquished Creatures
  An ogre (D:5)
  A phantom (D:4)
  Blork the orc (D:4)
  A scorpion (D:5)
  3 bombardier beetles
  An orc priest (D:5)
  Ijyb (D:4)
  4 orc wizards
  Robin (D:2)
  3 gnolls (D:2)
  3 adders
  A white imp (D:3)
  2 dart slugs (D:3)
  3 ribbon worms
  6 orcs
  4 ball pythons
  3 bats (D:1)
  2 endoplasms
  4 giant cockroaches
  12 goblins
  6 hobgoblins (D:2)
  5 jackals
  6 quokkas
  6 frilled lizards
  5 kobolds
  5 rats
90 creatures vanquished.

Notes
Turn   | Place    | Note
-------+----------+-------------------------------------------
     0 | D:1      | Think the Octopode Fighter began the quest for the Orb.
     0 | D:1      | Reached XP level 1. HP: 16/16 MP: 1/1
   205 | D:1      | Reached XP level 2. HP: 17/21 MP: 2/2
   234 | D:1      | Found Ohaog's Assorted Antiques.
   827 | D:1      | Reached skill level 4 in Dodging
   832 | D:1      | Reached XP level 3. HP: 19/26 MP: 3/3
  1145 | D:2      | Identified the ring of Buer {rPois rF+ Str+2 SInv Stlth-}
  1235 | D:2      | Got Bosusytt's Elucidation of Blinking Topomancy
  1251 | D:2      | Reached skill level 1 in Stealth
  1257 | D:2      | Reached XP level 4. HP: 13/31 MP: 4/4
  1258 | D:2      | Noticed Robin
  1821 | D:2      | Noticed Terence
  1825 | D:2      | Terence changed into Terence the orc
  1825 | D:2      | Noticed Terence
  1830 | D:2      | Killed Terence the orc
  1940 | D:2      | Killed Robin
  2000 | D:2      | Found a faded altar of an unknown god.
  2551 | D:3      | Reached XP level 5. HP: 32/36 MP: 5/5
  2678 | D:3      | Found a glowing silver altar of Zin.
  3258 | D:4      | Noticed Blork the orc
  3272 | D:3      | Reached skill level 5 in Dodging
  3272 | D:3      | Reached skill level 5 in Stealth
  3281 | D:4      | Killed Blork the orc
  3282 | D:4      | Reached XP level 6. HP: 23/42 MP: 6/6
  3376 | D:4      | Noticed Ijyb
  3391 | D:4      | Reached skill level 6 in Dodging
  3504 | D:4      | Found a runed translucent door.
  3505 | D:4      | Noticed Crazy Yiuf
  3552 | D:4      | Killed Ijyb
  3819 | D:4      | Found a staircase to the Ecumenical Temple.
  3882 | Temple   | Entered the Ecumenical Temple
  4029 | D:5      | Entered Level 5 of the Dungeon
  4059 | D:5      | Reached XP level 7. HP: 43/46 MP: 7/7
  4116 | D:5      | Reached skill level 7 in Dodging
  4745 | D:5      | HP: 2/69 [orc warrior/+0 spear (11)]
  4749 | D:5      | Slain by an orc priest

Illustrated notes

Levels and vault maps discovered:
D:1:      mushboom_english_gardens, layout_loops_ring, serial_forest,
          infiniplex_forest_lined_2, infiniplex_forest_lined_2,
          infiniplex_forest_clump_cross, infiniplex_forest_zigzag_1,
          infiniplex_forest_clump_diagonal, infiniplex_forest_end_double,
          serial_shops, shop, minivault_14, minivault_11, st_stairs_9,
          minivault_5
D:2:      layout_loops_ring, shapermc_ecumenical_altar_petra, uniq_terence,
          uniq_robin
D:3:      layout_basic, mainiacjoe_overflow_alcove_4
D:4:      layout_rooms, temple_fountains, minmay_ruptured, uniq_ijyb,
          uniq_blork_the_orc, uniq_crazy_yiuf_cottage
D:5:      layout_loops_corners, mainiacjoe_overflow_paths,
          kennysheep_cluttered_room
Temple:   compressed_dpeg_triangle_lava_temple

Skill      XL: |  1  2  3  4  5  6  7 |
---------------+----------------------+-----
Dodging        | 4 5 6 7 |  7.9
Stealth        | 2 3 5 |  5.0
Fighting       | |  3.0
Long Blades    | |  2.0
Shields        | |  3.0

Action                     |  1- 3 |  4- 6 |  7- 9 || total
---------------------------+-------+-------+-------++-------
  Melee: Long sword        |    66 |    76 |       ||   142
         Tentacles         |    10 |    20 |    15 ||    45
         Constrict         |    18 |    21 |    12 ||    51
         Dagger            |       |    65 |    79 ||   144
         Scimitar          |       |       |     8 ||     8
         Punch             |       |       |     1 ||     1
  Evoke: Wand              |       |     4 |       ||     4
    Use: Scroll            |     1 |     1 |       ||     2
         Potion            |       |     3 |     7 ||    10
   Stab: Sleeping          |     4 |     6 |       ||    10
 Armour: Skin              |    32 |    65 |   101 ||   198
  Dodge: Dodged            |    41 |    83 |    21 ||   145
  Block: Buckler           |    21 |    27 |    16 ||    64
